 Dungeon Sprint DCSS version 0.27-a0-277-g024f7ef292 (webtiles) character file.

Game seed: 1697859883774563491

2051 mhtbhm the Cleaver (level 9, -13/89 HPs)
             Began as a Minotaur Fighter on Feb 6, 2021.
             Was the Champion of Trog.
             Killed from afar by a merfolk aquamancer (31 damage)
             ... with a torrent of water
             ... in the Dungeon (Sprint VII: "The Pits").
             The game lasted 00:02:05 (1048 turns).

mhtbhm the Cleaver (Minotaur Fighter)               Turns: 1048, Time: 00:02:06

Health: -13/89     AC: 21    Str: 24    XL:     9   Next: 4%
Magic:  8/8        EV: 12    Int:  5    God:    Trog [******]
Gold:   0          SH: 12    Dex: 10    Spells: 8/8 levels left

rFire    . . .     SeeInvis .   a - +2 broad axe (vorpal)
rCold    . . .     Faith    .   c - +0 kite shield
rNeg     . . .     Spirit   .   b - +3 chain mail
rPois    .         Reflect  .   (helmet restricted)
rElec    .         Harm     .   r - +0 cloak
rCorr    .         Rampage  .   q - +0 pair of gloves
Will     .....     NoTele   +   (no boots)
Stlth    ..........             (no amulet)
HPRegen  0.24/turn              n - +3 ring of evasion
MPRegen  0.11/turn              o - +3 ring of protection

@: berserk cooldown, slowed, very slow
A: retaliatory headbutt, horns 2
a: Renounce Religion, Berserk, Trog's Hand, Brothers in Arms


You were in the Dungeon.
You worshipped Trog.
Trog was exalted by your worship.
You visited 1 branch

Inventory:

Hand Weapons
 a - a +2 vorpal broad axe (weapon)
Armour
 b - a +3 chain mail (worn)
 c - a +0 kite shield (worn)
 q - a +0 pair of gloves (worn)
 r - a +0 cloak (worn)
Jewellery
 n - a +3 ring of evasion (left hand)
 o - a +3 ring of protection (right hand)
Scrolls
 j - a scroll of blinking
 l - 3 scrolls of remove curse
 m - a scroll of summoning
Potions
 d - 3 potions of might
 e - 8 potions of curing
 f - 11 potions of heal wounds
 g - a potion of haste
 h - 4 potions of magic
 i - 3 potions of berserk rage
 k - 2 potions of invisibility
 p - a potion of mutation


   Skills:
 + Level 11.2 Fighting
 + Level 13.1 Axes
 + Level 12.7 Armour
 + Level 4.5 Dodging
 + Level 0.2 Stealth
 + Level 11.3 Shields


You had 8 spell levels left.
You didn't know any spells.
Your spell library was empty.

Dungeon Overview and Level Annotations

Branches:
Dungeon (1/1)

Altars:
Cheibriados
Dithmenos
Elyvilon
Fedhas
Gozag
Hepliaklqana
Makhleb
Nemelex Xobeh
Okawaru
Qazlal
Ru
Sif Muna
Trog
Vehumet
Wu Jian
Xom
Yredelemnul
Zin
The Shining One
Beogh
Jiyva
Lugonu


Innate Abilities, Weirdness & Mutations

You reflexively headbutt those who attack you in melee.
You have a pair of horns on your head.


Message History

You block the merfolk aquamancer's attack.
You closely miss the merfolk aquamancer.
The merfolk aquamancer is severely wounded.
You slash the water elemental!
The water elemental completely misses you.
The merfolk aquamancer gestures at you while chanting.
You block the shard of ice.
Your unstable footing causes you to fumble your attack.
The jumping spider leaps!
The water elemental hits you.
* * * LOW HITPOINT WARNING * * *
The water elemental engulfs you in water!
Unknown command.
You slip free of the water engulfing you.
You gasp with relief as air once again reaches your lungs.
You are no longer berserk.
You are exhausted.
You feel yourself slow down.
The merfolk aquamancer gestures at you while chanting.
The torrent of water hits you!!
You die...

#++#########
#.@≈mE....°.
#.≈sE.......
#..#########
#..# #..#
###### #..#
.##..# #..#
.##..# #..#
.''..# #..#


You could see a merfolk aquamancer, 2 water elementals and a jumping spider.

Vanquished Creatures
  A rust devil (D)
  A black mamba (D)
  A troll (D)
  A spriggan (D)
  A water elemental (D)
  A warg (D)
  A steam dragon (D)
  A soldier ant (D)
  An orc warrior (D)
  A sky beast (D)
  A phantom (D)
  2 killer bees (D)
  A quasit (D)
  3 jellies (D)
  A worker ant (D)
  An orc wizard (D)
  A gnoll (D)
  2 adders (D)
  An ufetubus (D)
  2 adder zombies (D)
  3 orcs (D)
  A hobgoblin (D)
  2 kobolds (D)
  2 quokkas (D)
  A leopard gecko zombie (D)
  A quokka zombie (D)
35 creatures vanquished.

Vanquished Creatures (others)
  A killer bee (D)
1 creature vanquished.

Grand Total: 36 creatures vanquished

Notes
Turn   | Place    | Note
-------+----------+-------------------------------------------
     0 | D        | mhtbhm the Minotaur Fighter began the quest for the Orb.
     0 | D        | Reached XP level 1. HP: 19/19 MP: 0/0
    18 | D        | Found a bloodstained altar of Trog.
    18 | D        | Found a shimmering blue altar of Sif Muna.
    18 | D        | Found a viscous altar of Jiyva.
    18 | D        | Found a hazy altar of Hepliaklqana.
    18 | D        | Found an opulent altar of Gozag.
    19 | D        | Found a glowing golden altar of the Shining One.
    19 | D        | Found a glowing silver altar of Zin.
    19 | D        | Found a basalt altar of Yredelemnul.
    19 | D        | Found a shimmering altar of Xom.
    19 | D        | Found an ornate altar of the Wu Jian Council.
    19 | D        | Found a sacrificial altar of Ru.
    19 | D        | Found a stormy altar of Qazlal.
    19 | D        | Found an iron altar of Okawaru.
    19 | D        | Found a sparkling altar of Nemelex Xobeh.
    19 | D        | Found a burning altar of Makhleb.
    19 | D        | Found a blossoming altar of Fedhas.
    19 | D        | Found a white marble altar of Elyvilon.
    19 | D        | Found a shadowy altar of Dithmenos.
    19 | D        | Found a snail-covered altar of Cheibriados.
    21 | D        | Found a radiant altar of Vehumet.
    21 | D        | Found a corrupted altar of Lugonu.
    21 | D        | Found a roughly hewn altar of Beogh.
    23 | D        | Became a worshipper of Trog the Wrathful
    58 | D        | Noticed a worker ant
    63 | D        | Killed a worker ant
    64 | D        | Reached skill level 5 in Fighting
    64 | D        | Reached skill level 3 in Axes
    64 | D        | Reached skill level 5 in Armour
    64 | D        | Reached skill level 5 in Shields
    64 | D        | Reached XP level 2. HP: 23/29 MP: 1/1
    64 | D        | Reached XP level 3. HP: 28/36 MP: 2/2
   127 | D        | Reached * piety under Trog
   140 | D        | Reached ** piety under Trog
   155 | D        | Reached skill level 4 in Axes
   257 | D        | Reached *** piety under Trog
   258 | D        | Reached XP level 4. HP: 45/45 MP: 3/3
   273 | D        | Reached skill level 5 in Axes
   273 | D        | Reached skill level 1 in Dodging
   274 | D        | Noticed a warg
   281 | D        | Reached **** piety under Trog
   282 | D        | Reached XP level 5. HP: 21/52 MP: 4/4
   283 | D        | Killed a warg
   284 | D        | Reached skill level 7 in Axes
   284 | D        | Reached XP level 6. HP: 26/62 MP: 5/5
   491 | D        | Noticed a soldier ant
   498 | D        | Killed a soldier ant
   499 | D        | Reached skill level 8 in Axes
   538 | D        | Reached ***** piety under Trog
   539 | D        | Reached skill level 9 in Axes
   543 | D        | Reached XP level 7. HP: 60/71 MP: 6/6
   596 | D        | Noticed a steam dragon
   602 | D        | Reached skill level 10 in Fighting
   602 | D        | Reached skill level 10 in Armour
   605 | D        | Reached skill level 10 in Axes
   607 | D        | Killed a steam dragon
   842 | D        | Noticed a troll
   844 | D        | Noticed a black mamba
   852 | D        | Killed a troll
   853 | D        | Reached skill level 11 in Axes
   853 | D        | Reached skill level 10 in Shields
   853 | D        | Reached XP level 8. HP: 80/80 MP: 7/7
   854 | D        | Killed a black mamba
   854 | D        | Reached ****** piety under Trog
   855 | D        | Reached skill level 12 in Axes
   898 | D        | Received a gift from Trog
   942 | D        | Noticed a rust devil
   958 | D        | Killed a rust devil
  1022 | D        | Noticed a jumping spider
  1025 | D        | Noticed a merfolk aquamancer
  1039 | D        | Reached skill level 13 in Axes
  1039 | D        | Reached XP level 9. HP: 28/89 MP: 8/8
  1048 | D        | Killed from afar by a merfolk aquamancer

Illustrated notes

Levels and vault maps discovered:
D:        pitsprint [storerooms_1, entrance_room_1, metal_vault_3, armoury_3,
          mini_pit_1, grid_room_1, main_hall_1, silver_pit, the_coven_3,
          the_vestibule_1, steel_vault_1, golden_pit, hallway_of_sentries,
          crystal_vault_5, iron_vault_4, final_vault]

Skill      XL: |  1  2  3  4  5  6  7  8 |
---------------+-------------------------+-----
Fighting       | 5 6 7 8 9 10 11 | 11.2
Armour         | 5 6 7 8 9 11 12 | 12.7
Shields        | 5 6 7 8 9 10 11 | 11.3
Axes           | 3 4 5 7 9 11 13 | 13.1
Dodging        | 1 2 3 4 |  4.5
Stealth        | |  0.2

Action                   |  1- 3 |  4- 6 |  7- 9 || total
-------------------------+-------+-------+-------++-------
Melee: Hand axe          |    22 |    43 |    11 ||    76
       War axe           |     4 |       |    19 ||    23
       Headbutt          |     5 |     8 |     6 ||    19
       Broad axe         |       |       |    29 ||    29
Invok: Berserk           |       |     1 |     3 ||     4
  Use: Potion            |       |       |     1 ||     1
Armor: Scale mail        |     8 |       |       ||     8
       Chain mail        |     2 |    41 |    23 ||    66
Dodge: Dodged            |     5 |     8 |    13 ||    26
Block: Kite shield       |    13 |    19 |    36 ||    68

Table legend: (Time is in decaauts)
 A = Elapsed time spent in this place.
 B = Non-inter-level travel time spent in this place.
 C = Inter-level travel time spent in this place.
 D = Time resting spent in this place.
 E = Time spent auto-exploring this place.
 F = Levels seen in this place.
 G = Mean time per level.
                   A        B        C        D        E       F      G
               +--------+--------+--------+--------+--------+-----+--------+
         Total |   1086 |   1086 |      0 |    593 |     38 |   1 | 1086.0 |
       Dungeon |   1086 |   1086 |      0 |    593 |     38 |   1 | 1086.0 |
               +--------+--------+--------+--------+--------+-----+--------+

Top non-repeatable levels by time:
       D: 1086 daAuts
